 Dungeon Crawl Stone Soup version 0.29.1-1-gd02db6906a (webtiles) character file.

Game seed: 11273893685987347168

4011 RKaid the Skirmisher (level 10, -4/54 HPs)
             Began as a Deep Elf Hunter on Sept 18, 2022.
             Was a Believer of Hepliaklqana.
             Slain by a troll (14 damage)
             ... on level 9 of the Dungeon.
             The game lasted 00:21:25 (9972 turns).

RKaid the Skirmisher (Deep Elf Hunter)              Turns: 9972, Time: 00:21:25

Health: -4/54      AC:  6    Str:  8    XL:     10   Next: 3%
Magic:  12/12      EV: 18    Int: 15    God:    Hepliaklqana [**....]
Gold:   524        SH:  0    Dex: 22    Spells: 9/9 levels left

rFire   . . .      SeeInvis .   a - +0 shortbow
rCold   + . .      Faith    .   (shield currently unavailable)
rNeg    . . .      Spirit   .   d - +0 leather armour
rPois   .          Reflect  .   v - +0 helmet
rElec   .          Harm     .   h - +0 cloak
rCorr   .          Rampage  .   (no gloves)
Will    +....                   k - +0 pair of boots
Stlth   +.........              (no amulet)
HPRegen 0.18/turn               o - ring of protection from cold {rC+}
MPRegen 0.13/turn               u - +4 ring of slaying

@: confused, ambrosia-drunk
A: reduced essence
a: Renounce Religion, Recall Ancestor, Ancestor Identity


You were on level 9 of the Dungeon.
You worshipped Hepliaklqana.
Hepliaklqana was pleased with you.
You visited 1 branch of the dungeon, and saw 9 of its levels.

You collected 524 gold pieces.

Inventory:

Hand Weapons
 a - a +0 shortbow (weapon)
Armour
 d - a +0 leather armour (worn)
 h - a +0 cloak (worn)
   (You found it on level 1 of the Dungeon)
 k - a +0 pair of boots (worn)
   (You found it on level 1 of the Dungeon)
 v - a +0 helmet (worn)
   (You found it on level 7 of the Dungeon)
Jewellery
 o - a ring of protection from cold (left hand) {rC+}
   (You found it on level 3 of the Dungeon)
 p - an amulet of magic regeneration {+MPregen}
   (You took it off a hobgoblin on level 3 of the Dungeon)
 u - a +4 ring of slaying (right hand)
   (You found it on level 6 of the Dungeon)
Wands
 m - a wand of flame (63)
   (You found it on level 5 of the Dungeon)
 n - a wand of mindburst (17)
   (You took it off an orc on level 7 of the Dungeon)
 D - a wand of digging (5)
   (You found it on level 5 of the Dungeon)
Scrolls
 b - 2 scrolls of immolation {!r}
 e - 2 scrolls of amnesia
 g - 5 scrolls of vulnerability {!r!r}
 i - 3 scrolls of identify
 j - a scroll of acquirement
Potions
 c - a potion of curing
 f - a potion of lignification {!q}
 l - 3 potions of might
 r - 2 potions of magic
 s - 2 potions of mutation {!q!q}
 t - 2 potions of invisibility
 w - a potion of brilliance


   Skills:
 + Level 6.2 Fighting
 * Level 14.1 Ranged Weapons
 + Level 9.0 Dodging
 - Level 1.2 Stealth


You had 9 spell levels left.
You didn't know any spells.
Your spell library contained the following spells:

 Spells                   Type           Power      Damage    Failure   Level
 Foxfire                  Conj/Fire      0%         2x1d4     36%         1
 Slow                     Hex            0%         N/A       36%         1
 Ensorcelled Hibernation  Hex/Ice        0%         N/A       52%         2
 Scorch                   Fire           0%         2d5       52%         2
 Confusing Touch          Hex            0%         N/A       75%         3
 Conjure Flame            Conj/Fire      0%         6-21      75%         3
 Dazzling Flash           Conj/Hex       0%         N/A       75%         3
 Inner Flame              Hex/Fire       0%         N/A       75%         3
 Portal Projectile        Hex/Tloc       0%         N/A       75%         3
 Spider Form              Tmut/Pois      0%         N/A       75%         3
 Vampiric Draining        Necr           0%         2d6       75%         3
 Airstrike                Air            0%         2d(0-16)  98%         4
 Anguish                  Hex/Necr       0%         N/A       98%         4
 Flame Wave               Conj/Fire      0%         2d4       98%         4
 Iskenderun's Mystic Bla  Conj/Tloc      0%         2d3       98%         4
 Summon Lightning Spire   Summ/Air       0%         N/A       98%         4
 Iskenderun's Battlesphe  Conj           0%         2d6       100%        5
 Lightning Bolt           Conj/Air       0%         1d11      100%        5
 Summon Mana Viper        Hex/Summ       0%         N/A       100%        5
 Iron Shot                Conj/Erth      0%         9d1       100%        6
 Starburst                Conj/Fire      0%         6d3       100%        6
 Summon Cactus Giant      Summ           0%         N/A       100%        6
 Enfeeble                 Hex            0%         N/A       100%        7
 Spellforged Servitor     Conj/Summ      0%         N/A       100%        7


Dungeon Overview and Level Annotations

Branches:
Dungeon (9/15)             Temple (0/1) D:4
   Lair: D:8-11         Orc: D:9-12

Altars:
Cheibriados
Dithmenos
Gozag
Hepliaklqana
Kikubaaqudgha
Nemelex Xobeh
Okawaru
Sif Muna
Uskayaw

Annotations:
D:4 2 transporters


Message History

The howler monkey dies!
Your Dodging skill increases to level 9!
Fire: a) +0 shortbow
Press: ? - help, Q - select action Shift-Dir - straight line, f - orc wizard
Aim: an orc wizard, wielding a +0 dagger and wearing a +0 robe (ally target, 70% to hit)
You shoot an arrow. Cheryl avoids your attack.
The arrow hits the orc wizard!
An orc comes into view. It is wielding a +0 club.
The orc wizard gestures at you while chanting.
The magic dart hits you.
You shoot an arrow. Cheryl avoids your attack.
The arrow misses the orc wizard.
A howler monkey comes into view.
You shoot an arrow. The arrow hits the howler monkey.
The orc wizard casts a spell.
The orc wizard flickers and vanishes!
Deactivating autopickup; reactivate with Ctrl-A.
Fire: a) +0 shortbow
Press: ? - help, Q - select action Shift-Dir - straight line, p - howler monkey You shoot an arrow.
Cheryl avoids your attack.
Reactivating autopickup.
You feel a bit more experienced.
A howler monkey comes into view.
The howler monkey hoots and howls with incredible vigour!
You hear an angry buzzing noise. x2; You hear a shout!
You shoot an arrow. The arrow hits the howler monkey!
You kill the howler monkey!
Cheryl blocks the orc's attack.
Cheryl hits the orc with a +0 flail!
The orc dies!
You shoot an arrow. The arrow hits the orc.
The orc throws a boomerang of dispersal.
The boomerang of dispersal hits you.
You blink.
A troll comes into view.
Found an escape hatch in the ceiling.
An orc comes into view. It is wielding a +0 club.
An orc comes into view. It is wielding a +0 dagger.
The orc shouts!
An orc wizard comes into view. It is wielding a +0 dagger.
Okay, then.
Aiming: Dig
Press: ? - help, Shift-Dir - straight line, p - orc A rock wall.
The rock shatters into small pieces.
Cheryl closely misses the orc.
The troll barely misses you. The troll claws you! The troll closely misses you.
The orc throws a boomerang of dispersal.
The boomerang of dispersal barely misses Cheryl.
The boomerang of dispersal closely misses you.
Cheryl hits the orc with a +0 flail!
The orc dies!
Cheryl hits the howler monkey with a +0 flail!
The troll attacks as you move away! The troll misses you.
The troll barely misses you. The troll misses you.
The troll attacks as you move away! The troll misses you. The troll claws you!
The troll misses you.
The howler monkey hoots and howls with incredible vigour!
The troll attacks as you move away! The troll misses you. x2
The troll claws you.
Fire: a) +0 shortbow
Press: ? - help, Q - select action Shift-Dir - straight line, f - troll
Aim: a troll (74% to hit)
You shoot an arrow. The arrow closely misses the troll.
The troll misses you. The troll completely misses you.
The troll claws you but does no damage.
Aiming: Mindburst
Press: ? - help, Shift-Dir - straight line, f/p - troll
Aim: a troll (chance to affect: 64%)
The troll's mind is blasted!
The troll closely misses you. The troll completely misses you.
The troll misses you.
Fire: a) +0 shortbow
Press: ? - help, Shift-Dir - straight line, f/p - troll
Aim: a troll (heavily wounded, 74% to hit)
Aiming: Mindburst
Press: ? - help, Shift-Dir - straight line, f/p - troll
Aim: a troll (heavily wounded, chance to affect: 64%)
The troll struggles to resist.
The troll closely misses you. The troll claws you!
The troll claws you but does no damage. The orc completely misses you.
Cheryl is recalled.
The troll barely misses you. The troll claws you!
* * * LOW HITPOINT WARNING * * *
The troll claws you.
* * * LOW HITPOINT WARNING * * *
You feel better. The troll bites you.
* * * LOW HITPOINT WARNING * * *
The troll completely misses you. x2; The orc closely misses you.
Cheryl hits the orc with a +0 flail!
The orc dies!
You are confused.
You feel invigorated. The troll bites you!
* * * LOW HITPOINT WARNING * * *
The troll closely misses you. The troll completely misses you.
An orc comes into view. It is wielding a +0 short sword.
Cheryl hits the orc with a +0 flail!
The orc dies!
You bump into the rock wall.
The troll barely misses you. The troll claws you but does no damage.
The troll claws you!
* * * LOW HITPOINT WARNING * * *
Cheryl barely misses the orc wizard.
You're too confused to move!
The howler monkey hoots and howls with incredible vigour!
The troll bites you!
You die...

....####....
#............
#............
######............
..................
..................
..........h.......
.....o..oToR......
....#+.##@.......
. #...#........
#...#........ .
#.o.#.<...... ...
+...#....####
.....##.##....#
..o...oR......#
o...####......###
.# #.........


You could see the friendly Cheryl the knight, a troll (ally target), a howler
monkey (catching breath), an orc wizard and 2 orcs.

Vanquished Creatures
  Maggie (D:7)
  A wyvern (D:8)
  Eustachio (D:6)
  An ice beast (D:5)
  A sky beast (D:6)
  4 ogres
  A centaur (D:7)
  2 phantoms
  A bullfrog (D:7)
  A necrophage (D:4)
  A gnoll sergeant (D:7)
  3 scorpions
  3 killer bees (D:7)
  3 howler monkeys
  4 orc priests
  3 hounds
  10 orc wizards
  3 iguanas
  15 adders
  3 gnolls (D:7)
  3 white imps
  An ufetubus (D:5)
  A worm (D:2)
  4 dart slugs
  27 orcs
  8 ball pythons
  6 endoplasms
  3 giant cockroaches
  5 goblins
  6 hobgoblins
  14 jackals
  3 quokkas
  4 bats
  5 frilled lizards
  8 kobolds
  4 rats
164 creatures vanquished.

Vanquished Creatures (collateral kills)
  Amaemon (D:8)
  A steam dragon (D:9)
  2 ogres
  2 kobold brigands (D:8)
  2 necrophages
  A killer bee (D:7)
  2 howler monkeys
  A hound (D:6)
  7 orcs
19 creatures vanquished.

Vanquished Creatures (others)
  5 ancestors
5 creatures vanquished.

Grand Total: 188 creatures vanquished

Notes
Turn   | Place    | Note
-------+----------+-------------------------------------------
     0 | D:1      | RKaid the Deep Elf Hunter began the quest for the Orb.
     0 | D:1      | Reached XP level 1. HP: 12/12 MP: 3/3
    60 | D:1      | Reached XP level 2. HP: 13/17 MP: 4/4
   728 | D:2      | Reached skill level 6 in Ranged Weapons
   862 | D:2      | Reached skill level 2 in Fighting
   862 | D:2      | Reached skill level 3 in Dodging
   862 | D:2      | Reached XP level 3. HP: 7/21 MP: 5/5
  1090 | D:2      | Found a faded altar of an unknown god.
  1372 | D:2      | Reached XP level 4. HP: 22/26 MP: 6/6
  2021 | D:3      | Got Sif Muna's Guidebook on Spellbinding
  2086 | D:3      | Found a shadowy altar of Dithmenos.
  2087 | D:3      | Found an iron altar of Okawaru.
  2225 | D:3      | HP: 5/27 [orc priest/divine providence (12)]
  2226 | D:3      | Reached skill level 7 in Ranged Weapons
  2243 | D:3      | Reached XP level 5. HP: 11/31 MP: 7/7
  2244 | D:3      | HP: 5/31 [orc priest/+2 short sword of venom (3)]
  2250 | D:3      | HP: 7/31 [poisoned by an orc priest]
  2253 | D:3      | HP: 3/31 [poisoned by an orc priest]
  2255 | D:3      | HP: 1/31 [poisoned by an orc priest]
  2706 | D:3      | Noticed an ogre
  3016 | D:3      | Found a shimmering blue altar of Sif Muna.
  3021 | D:3      | Found a hazy altar of Hepliaklqana.
  3025 | D:3      | Became a worshipper of Hepliaklqana the Forgotten
  3236 | D:4      | Reached skill level 4 in Dodging
  3452 | D:4      | Reached XP level 6. HP: 29/36 MP: 8/8
  3461 | D:4      | Reached skill level 8 in Ranged Weapons
  3561 | D:4      | Reached skill level 3 in Fighting
  3591 | D:4      | Found a transporter.
  3958 | D:4      | Found an opulent altar of Gozag.
  3960 | D:4      | Found an ancient bone altar of Kikubaaqudgha.
  3987 | D:4      | Found a staircase to the Ecumenical Temple.
  4491 | D:4      | Found a transporter.
  4543 | D:5      | Entered Level 5 of the Dungeon
  4552 | D:5      | Reached skill level 5 in Dodging
  4552 | D:5      | Reached XP level 7. HP: 41/41 MP: 9/9
  4655 | D:5      | Reached skill level 9 in Ranged Weapons
  4837 | D:5      | Identified a scroll of acquirement
  5094 | D:4      | Reached skill level 4 in Fighting
  5094 | D:4      | Reached skill level 10 in Ranged Weapons
  5203 | D:5      | HP: 7/43 [ogre/+0 giant club (10)]
  5609 | D:5      | Reached skill level 6 in Dodging
  5609 | D:5      | Reached XP level 8. HP: 37/48 MP: 10/10
  5674 | D:5      | Reached * piety under Hepliaklqana
  6265 | D:6      | Reached skill level 11 in Ranged Weapons
  6315 | D:6      | Found a hide-covered altar of Uskayaw.
  6399 | D:6      | Found a snail-covered altar of Cheibriados.
  6415 | D:6      | Reached skill level 7 in Dodging
  6680 | D:6      | Noticed Eustachio
  6766 | D:6      | Found a sparkling altar of Nemelex Xobeh.
  6773 | D:6      | Reached skill level 5 in Fighting
  7071 | D:6      | Killed Eustachio
  7072 | D:6      | Reached skill level 12 in Ranged Weapons
  7072 | D:6      | Reached XP level 9. HP: 39/48 MP: 11/11
  7281 | D:7      | HP: 6/48 [gnoll/+0 whip[a gnoll sergeant] (9)]
  7282 | D:7      | HP: 2/48 [gnoll/+0 whip[a gnoll sergeant] (4)]
  7739 | D:7      | Noticed Maggie
  7764 | D:7      | Killed Maggie
  8143 | D:7      | Reached skill level 8 in Dodging
  8500 | D:7      | Reached skill level 13 in Ranged Weapons
  9026 | D:8      | Reached ** piety under Hepliaklqana
  9027 | D:8      | Remembered your ancestor Cheryl as a knight
  9861 | D:9      | Noticed Amaemon
  9861 | D:9      | Noticed an orange demon
  9874 | D:8      | Killed Amaemon
  9875 | D:8      | Reached skill level 6 in Fighting
  9875 | D:8      | Reached skill level 14 in Ranged Weapons
  9942 | D:9      | Reached XP level 10. HP: 54/54 MP: 12/12
  9947 | D:9      | Reached skill level 9 in Dodging
  9968 | D:9      | HP: 9/54 [troll (11)]
  9972 | D:9      | Slain by a troll

Illustrated notes

Levels and vault maps discovered:
D:1:      beargit_arrival_greenhouse, layout_basic, hangedman_feature_mirror,
          nrook_mini_backslash
D:2:      layout_loops_ring, chequers_ecumenical_altar_simple
D:3:      layout_loops_ring, mainiacjoe_overflow_big_doors,
          grunt_temple_overflow_open, serial_aquarium,
          aquarium_bridge_long_separate [aquarium_subvault_bridge,
          aquarium_subvault_wall, aquarium_subvault_bridge,
          aquarium_subvault_window, aquarium_subvault_bridge,
          aquarium_subvault_bridge], aquarium_bridge_square
          [aquarium_subvault_bridge, aquarium_subvault_wall,
          aquarium_subvault_bridge, aquarium_subvault_bridge],
          aquarium_window_corner, aquarium_window_1, aquarium_window_corridor_2,
          aquarium_view_2e
D:4:      gammafunk_cloud_chamber, layout_basic,
          chequers_temple_overflow_statue_of_worship, minmay_temple_entry_fiery
D:5:      minmay_diamond_boxcup, layout_basic
D:6:      layout_gridville, mainiacjoe_overflow_paths,
          mainiacjoe_overflow_chevrons, nemelex_dance_club_becter,
          kennysheep_generic_room_13, uniq_eustachio
D:7:      layout_basic, hangedman_decor_riveting, uniq_maggie
D:8:      layout_basic, minmay_fountain_box, kennysheep_generic_room_12
D:9:      cheibrodos_wizards_tower, layout_irregular_city,
          mainiacjoe_overflow_alcove_2, due_lair_maze_entry_diamond,
          david_orc_2, columned_hall_lemuel, kennysheep_generic_room_4,
          uniq_gastronok, uniq_pikel, uniq_amaemon

Skill      XL: |  1  2  3  4  5  6  7  8  9 10 |
---------------+-------------------------------+-----
Ranged Weapons | 6 7 8 10 12 14 | 14.1
Fighting       | 2 3 4 5 6 |  6.2
Dodging        | 3 4 5 6 7 8 9 |  9.0
Stealth        | |  1.2

Action                   |  1- 3 |  4- 6 |  7- 9 | 10-12 || total
-------------------------+-------+-------+-------+-------++-------
Melee: Shortbow          |       |       |     1 |       ||     1
 Fire: Shortbow          |   115 |   194 |   396 |    12 ||   717
Invok: Ancestor Identity |       |       |     2 |       ||     2
       Ancestor Life: Kn |       |       |     1 |       ||     1
       Recall Ancestor   |       |       |       |     1 ||     1
Evoke: Wand              |       |       |       |     3 ||     3
  Use: Potion            |       |     2 |     3 |     2 ||     7
       Scroll            |       |       |    12 |       ||    12
Armor: Leather armour    |    17 |    43 |    27 |     3 ||    90
       Skin              |       |       |     3 |       ||     3
Dodge: Dodged            |    42 |    71 |    99 |    25 ||   237

Table legend: (Time is in decaauts)
 A = Elapsed time spent in this place.
 B = Non-inter-level travel time spent in this place.
 C = Inter-level travel time spent in this place.
 D = Time resting spent in this place.
 E = Time spent auto-exploring this place.
 F = Levels seen in this place.
 G = Mean time per level.
                   A        B        C        D        E       F      G
               +--------+--------+--------+--------+--------+-----+--------+
         Total |  10036 |   9624 |    412 |   2938 |   5006 |   9 | 1115.1 |
       Dungeon |  10036 |   9624 |    412 |   2938 |   5006 |   9 | 1115.1 |
               +--------+--------+--------+--------+--------+-----+--------+

Top non-repeatable levels by time:
     D:4: 1892 daAuts
     D:7: 1653 daAuts
     D:3: 1559 daAuts
     D:2: 1257 daAuts
     D:8: 1127 daAuts
     D:6: 905 daAuts
     D:5: 866 daAuts
     D:1: 739 daAuts
     D:9: 33 daAuts

Table legend:
 A = Kills in this place as a percentage of kills in entire the game.
 B = Kills by you in this place as a percentage of kills by you in the entire game.
 C = Kills by friends in this place as a percentage of kills by friends in the entire game.
 D = Other kills in this place as a percentage of other kills in the entire game.
 E = Experience gained in this place as a percentage of experience gained in the entire game.
 F = Experience gained in this place divided by the number of levels of this place that you have seen.
                   A       B       C       D       E      F
               +-------+-------+-------+-------+-------+----------------------
         Total | 100.0 | 100.0 | 100.0 |   N/A | 100.0 | 636.8
       Dungeon | 100.0 | 100.0 | 100.0 |   N/A | 100.0 | 636.8
               +-------+-------+-------+-------+-------+----------------------
